AoeStats
← TanJojoMojo

Arena

508681866Analyzed
4v4 RM · 10d ago on Sep 23, 2026· 29m 6s· 8 players
Game mode
Random Map
Map size
Large (8 player)
Population
200
Speed
Normal
Resources
Standard
Victory
Conquest
Starting age
Dark Age
Ending age
Imperial Age
RankedLock teamsTeams togetherTeam positionsShared explorationLock speedFull tech treeHidden civsTurbo modeCheats
Victory
Defeat
🇨🇳 Franks · China
1115
+15
🇨🇳 Slavs · China
1112
+15
🇨🇳 Khmer · China
1080
+17
🇨🇳 Japanese · China
914
+23
🇫🇮 Romans · Finland
1126
-19
🇪🇸 Ethiopians · Spain
1094
-18
🇪🇸 Persians · Spain
1075
-17
🇺🇸 Italians · United States
1061
-16
SwedenBirdieSkaggs236
9:36 Loom
12:52 Feudal Age
14:18 Double-Bit Axe
14:26 Horse Collar
14:38 Gold Mining
18:25 Castle Age
17:37 Bloodlines
18:59 Forging
18:58 Scale Barding Armor
19:11 Light Cavalry
20:54 Stone Mining
21:05 Heavy Plow
21:16 Bow Saw
24:29 Wheelbarrow
28:32 Hand Cart
TanJojoMojo
4:02 Loom
11:12 Feudal Age
12:31 Wheelbarrow
11:43 Double-Bit Axe
17:26 Castle Age
Cloud
2:19 Loom
11:18 Feudal Age
11:56 Double-Bit Axe
12:56 Horse Collar
17:56 Castle Age
22:16 Wheelbarrow
22:31 Heavy Plow
22:44 Bow Saw
23:46 Gold Mining
30:26 Imperial Age
WihtoriKosola
11:05 Feudal Age
14:45 Castle Age
15:55 Gold Mining
18:30 Double-Bit Axe
一叶知秋
10:07 Feudal Age
14:26 Castle Age
13:07 Double-Bit Axe
13:07 Horse Collar
15:25 Bow Saw
15:20 Heavy Plow
18:21 Wheelbarrow
22:35 Fletching
24:20 Bodkin Arrow
25:37 Padded Archer Armor
27:55 Hand Cart
鱼鱼
10:16 Feudal Age
13:44 Castle Age
11:55 Double-Bit Axe
21:29 Bow Saw
23:45 Wheelbarrow
23:57 Stone Mining
28:15 Imperial Age
25:42 Gold Mining
26:37 Hand Cart
26:45 Loom
26:46 Town Watch
28:16 Gold Shaft Mining
28:03 Scale Barding Armor
28:08 Forging
28:50 Husbandry
29:14 Chain Barding Armor
28:19 Cavalier
29:16 Chivalry
29:38 Conscription
30:11 Iron Casting
温州谷志豪
10:30 Feudal Age
11:33 Double-Bit Axe
16:36 Castle Age
16:08 Horse Collar
18:02 Loom
18:35 Bow Saw
19:35 Heavy Plow
23:39 Gold Mining
24:20 Arson
26:04 Wheelbarrow
28:35 Hand Cart
29:11 Town Watch
vic
10:14 Feudal Age
12:55 Castle Age
10:49 Double-Bit Axe
24:14 Wheelbarrow
23:34 Horse Collar
24:10 Bow Saw
24:06 Gold Mining
24:48 Heavy Plow
25:29 Gold Shaft Mining
25:45 Stone Mining
26:19 Hand Cart
29:47 Imperial Age
27:03 Loom
28:32 Stone Shaft Mining
29:48 Scale Barding Armor
Connection lost

Rejoining the realm…

Still unreachable

The connection could not be restored.

Session expired

The server has moved on; the page needs a fresh start.